 Dungeon Crawl Stone Soup version 0.21-a0-264-g3e31e41 (webtiles) character file.

65 Gruud the Changer (level 3, 1/26 HPs)
             Began as a Demonspawn Transmuter on Sept 9, 2017.
             Quit the game on level 2 of the Dungeon.
             The game lasted 00:05:15 (1383 turns).

Gruud the Changer (Demonspawn Transmuter)           Turns: 1383, Time: 00:05:16

Health: 1/26       AC:  4    Str: 11    XL:     3   Next: 94%
Magic:  2/6        EV: 12    Int: 14    God:
Gold:   54         SH:  0    Dex: 13    Spells: 0/6 levels left

rFire    . . .     SeeInvis .     - Unarmed
rCold    . . .     Gourm    .   (no shield)
rNeg     . . .     Faith    .   b - +0 robe
rPois    .         Spirit   .   (no helmet)
rElec    .         Reflect  .   (no cloak)
rCorr    .         Harm     .   (no gloves)
MR       .....                  (no boots)
Stlth    +.........             (no amulet)
HPRegen  0.08/turn              (no ring)
MPRegen  0.10/turn              (no ring)

@: lethally poisoned (1 -> -10)
A: hooves 1, yellow scales 1, wild magic 1
a: no special abilities


You were on level 2 of the Dungeon.
You were hungry.

You visited 1 branch of the dungeon, and saw 2 of its levels.

You collected 54 gold pieces.

Inventory:

Missiles
 a - 22 arrows
Armour
 b - a +0 robe (worn)
Scrolls
 f - 2 scrolls of teleportation
 g - a scroll of identify
 l - a scroll of remove curse {unknown}
Potions
 e - a potion of haste
 h - 2 potions of agility
Books
 c - a book of Changes

   Spells                             Type                      Level
   a - Beastly Appendage              Transmutation                1
   b - Sticks to Snakes               Transmutation                2
   c - Spider Form                    Transmutation/Poison         3
   d - Ice Form                       Ice/Transmutation            4
   e - Blade Hands                    Transmutation                5
Comestibles
 d - a bread ration
 i - 5 chunks of flesh
 j - 3 fruits


   Skills:
 - Level 1.0 Fighting
 - Level 1.7 Dodging
 - Level 2.6 Unarmed Combat
 - Level 2.0 Spellcasting
 + Level 3.9 Transmutations


You couldn't memorise any spells.
You knew the following spells:

 Your Spells              Type           Power        Failure   Level  Hunger
a - Beastly Appendage     Tmut           ###...       8%          1    ##.....
b - Sticks to Snakes      Tmut           ###.....     11%         2    ###....
c - Spider Form           Tmut/Pois      #.........   41%         3    ####...


Dungeon Overview and Level Annotations

Branches:
Dungeon (2/15)

Altars:


Innate Abilities, Weirdness & Mutations

You are partially covered in yellow scales. (AC +2)
You have large cloven feet.
Your spells are a little harder to cast, but a little more powerful.


Message History

The adder closely misses you.
You hit the adder.
The adder is heavily wounded.
The adder looks more healthy.
The adder bites you.
* * * LOW HITPOINT WARNING * * *
You barely miss the adder.
The adder is severely wounded.
You feel sick. The adder bites you.
* * * LOW HITPOINT WARNING * * *
You are more poisoned.
The adder poisons you! The adder closely misses you.
It was a potion of mutation.
You feel extremely strange.
You feel clumsy.
You feel agile.
You feel less in control of your magic.
Your feet thicken and deform.
The adder bites you.
* * * LOW HITPOINT WARNING * * *
You are more poisoned.
The adder poisons you!
Okay, then.
Are you sure you want to abandon this character and quit the game? (Confirm with "yes".)

#g#######.## #.# #.#
#.# #.# #.# #.#
..#######.# #.## #.#
#.........#####..####.#
#.####....g..S.....r..#
#.# #.#########g######
#.# #.# #r# #.# #.#
#S########. ..# #.#
#@(.......# ... #.#
##########. .. ..#


You could see an adder, a hobgoblin and a rat.

Vanquished Creatures
  4 gnolls
  A worm (D:2)
  A dart slug (D:1)
  2 leopard geckos
  A bat (D:1)
  A giant cockroach (D:2)
  3 goblins
  2 hobgoblins (D:1)
  3 jackals (D:2)
  A ball python (D:1)
  A frilled lizard (D:1)
  2 kobolds (D:2)
  4 rats
26 creatures vanquished.

Notes
Turn   | Place    | Note
-------+----------+-------------------------------------------
     0 | D:1      | Gruud the Demonspawn Transmuter began the quest for the Orb.
     0 | D:1      | Reached XP level 1. HP: 15/15 MP: 3/3
    73 | D:1      | Reached skill level 2 in Transmutations
   244 | D:1      | Gained mutation: You are partially covered in yellow scales. (AC +2) [demonic ancestry]
   244 | D:1      | Reached XP level 2. HP: 11/21 MP: 3/5
   282 | D:1      | Learned a level 2 spell: Sticks to Snakes
   533 | D:1      | Reached skill level 3 in Transmutations
   889 | D:2      | Reached XP level 3. HP: 12/26 MP: 6/6
  1164 | D:2      | Learned a level 3 spell: Spider Form
  1382 | D:2      | Gained mutation: You are clumsy. (Dex -2) [potion of mutation]
  1382 | D:2      | Lost mutation: You are clumsy. (Dex -2) [potion of mutation]
  1382 | D:2      | Gained mutation: Your spells are a little harder to cast, but a little more powerful. [potion of mutation]
  1382 | D:2      | Gained mutation: You have large cloven feet. [potion of mutation]
  1382 | D:2      | HP: 1/26 [adder (1)]
  1383 | D:2      | Quit the game

Vault maps used:
D:1:      co_arrival_square_in_a_square_in_a_square, roderic_serpentine_path
D:2:      minmay_wonky_spiral

Skill      XL: |  1  2 |
---------------+-------+-----
Transmutations | 2 3 |  3.9
Fighting       | |  1.0
Dodging        | |  1.7
Unarmed Combat | |  2.6
Spellcasting   | |  2.0

Action                   || total
-------------------------++-------
Melee: Unarmed           ||   103
       Kick              ||     9
       Headbutt          ||     4
       Punch             ||     1
 Cast: Beastly Appendage ||    12
       Sticks to Snakes  ||     8
       Spider Form       ||     1
  Use: Scroll            ||     4
       Potion            ||     1
  Eat: Chunk             ||     2
Armor: Robe              ||    29
Dodge: Dodged            ||    62

Table legend:
 A = Spawn XP
 B = Non-spawn XP
 C = Spawn XP percentage of total XP
 D = Spawn monster count
 E = Non-spawn monster count
 F = Spawn count percentage of total count
 G = Total turns spent on level
                    A         B        C        D         E        F      G
               +---------+---------+-------+---------+---------+-------+---------
         Total |       0 |      94 |   0.0 |       0 |      26 |   0.0 |  1383
               +---------+---------+-------+---------+---------+-------+---------
           D:1 |       0 |      35 |   0.0 |       0 |      12 |   0.0 |   868
           D:2 |       0 |      59 |   0.0 |       0 |      14 |   0.0 |   515
               +---------+---------+-------+---------+---------+-------+---------
